 Dungeon Crawl Stone Soup version 0.22.1 (webtiles) character file.

43 sbiou the Fighter (level 3, 0/44 HPs)
             Began as a Gnoll Wanderer on Sept 17, 2018.
             Slain by an adder (3 damage)
             ... on level 2 of the Dungeon.
             The game lasted 00:01:43 (911 turns).

sbiou the Fighter (Gnoll Wanderer)                   Turns: 911, Time: 00:01:44

Health: 0/44       AC:  5    Str: 16    XL:     3   Next: 58%
Magic:  4/4        EV: 11    Int: 15    God:
Gold:   80         SH:  0    Dex: 12    Spells: 3/3 levels left

rFire    . . .     SeeInvis .   d - +0 hand axe
rCold    . . .     Gourm    .   (no shield)
rNeg     . . .     Faith    .   c - +0 ring mail
rPois    .         Spirit   .   (no helmet)
rElec    .         Reflect  .   (no cloak)
rCorr    .         Harm     .   (no gloves)
MR       .....                  (no boots)
Stlth    +.........             (no amulet)
HPRegen  0.14/turn              (no ring)
MPRegen  0.09/turn              (no ring)

@: lethally poisoned (0 -> -7)
A: distributed training, fangs 1, strong nose
a: no special abilities


You were on level 2 of the Dungeon.
You were not hungry.

You visited 1 branch of the dungeon, and saw 2 of its levels.

You collected 80 gold pieces.

Inventory:

Hand Weapons
 b - a +2 blowgun
 d - a +0 hand axe (weapon)
Missiles
 k - 2 curare-tipped needles
 l - 13 bolts
 m - a throwing net (quivered)
Armour
 c - a +0 ring mail (worn)
 i - a +0 shield
Jewellery
 g - an uncursed ring of magical power {unknown}
 o - a cursed ring of teleportation {unknown}
Scrolls
 a - a scroll of random uselessness {unknown}
 e - 3 scrolls of remove curse {unknown}
 h - 3 scrolls of identify {unknown}
 n - a scroll of teleportation {unknown}
Potions
 j - a potion of curing {unknown}
Comestibles
 f - 6 rations


   Skills:
 + Level 12.0 Fighting
 + Level 0.8 Short Blades
 + Level 0.8 Long Blades
 + Level 2.6 Axes
 + Level 0.8 Maces & Flails
 + Level 0.8 Polearms
 + Level 0.8 Staves
 + Level 0.8 Slings
 + Level 0.8 Bows
 + Level 0.8 Crossbows
 + Level 2.6 Throwing
 + Level 0.8 Armour
 + Level 2.6 Dodging
 + Level 2.4 Stealth
 + Level 0.8 Shields
 + Level 0.8 Unarmed Combat
 + Level 0.8 Spellcasting
 + Level 0.5 Conjurations
 + Level 0.5 Hexes
 + Level 0.5 Charms
 + Level 0.5 Summonings
 + Level 0.5 Necromancy
 + Level 0.5 Translocations
 + Level 0.5 Transmutations
 + Level 0.5 Fire Magic
 + Level 0.5 Ice Magic
 + Level 0.5 Air Magic
 + Level 0.5 Earth Magic
 + Level 0.5 Poison Magic
 + Level 1.0 Invocations
 + Level 0.8 Evocations


You had 3 spell levels left.
You didn't know any spells.
Your spell library was empty.

Dungeon Overview and Level Annotations

Branches:
Dungeon (2/15)

Altars:


Innate Abilities, Weirdness & Mutations

Your experience applies equally to all skills.
You have very sharp teeth.
Your uncanny sense of smell can sniff out nearby items.


Message History

The adder is severely wounded.
You feel sick. The adder bites you but does no damage. The adder bites you.
* * * LOW HITPOINT WARNING * * *
You are lethally poisoned!
The adder poisons you!
You closely miss the adder.
The adder is severely wounded.
* * * LOW HITPOINT WARNING * * *
You feel sick. The adder closely misses you.
You barely miss the adder.
The adder is severely wounded.
* * * LOW HITPOINT WARNING * * *
You feel sick. The adder bites you.
* * * LOW HITPOINT WARNING * * *
The adder bites you.
* * * LOW HITPOINT WARNING * * *
You barely miss the adder.
The adder is severely wounded.
The adder closely misses you. The adder bites you.
You die...

## ..# # ###
####.###### .
... #.........#
#.##.#
#.........#
.#8.8
#.........#
∆....
.####.........#>
8.8
$.....S@.......>
##.#
.#######..#####
#... #######..#
#.#† #......†.#
#.#. #.######.#
#.#. #.# #.#.
#.# #.#. #.#
#.#. #.# #.#.


You could see an adder.

Vanquished Creatures
  An adder (D:2)
  2 worms (D:2)
  A dart slug (D:1)
  3 bats
  6 goblins
  4 hobgoblins
  3 kobolds (D:1)
  A frilled lizard (D:1)
  3 rats
24 creatures vanquished.

Notes
Turn   | Place    | Note
-------+----------+-------------------------------------------
     0 | D:1      | Reached skill level 12 in Fighting
     0 | D:1      | sbiou the Gnoll Wanderer began the quest for the Orb.
     0 | D:1      | sbiou set off with: 4 curare-tipped needles, a +2 blowgun,
                  | a +0 ring mail, a +0 hand axe, a ration
     0 | D:1      | Reached XP level 1. HP: 31/31 MP: 1/1
   119 | D:1      | Reached XP level 2. HP: 38/38 MP: 2/2
   706 | D:2      | Reached XP level 3. HP: 43/44 MP: 3/3
   898 | D:2      | Reached skill level 1 in Invocations
   910 | D:2      | HP: 2/44 [adder (2)]
   911 | D:2      | Slain by an adder

Skill      XL: |  1  2  3 |
---------------+----------+-----
Fighting       | | 12.0
Invocations    | 1 |  1.0
Short Blades   | |  0.8
Long Blades    | |  0.8
Axes           | |  2.6
Maces & Flails | |  0.8
Polearms       | |  0.8
Staves         | |  0.8
Slings         | |  0.8
Bows           | |  0.8
Crossbows      | |  0.8
Throwing       | |  2.6
Armour         | |  0.8
Dodging        | |  2.6
Stealth        | |  2.4
Shields        | |  0.8
Unarmed Combat | |  0.8
Spellcasting   | |  0.8
Conjurations   | |  0.5
Hexes          | |  0.5
Charms         | |  0.5
Summonings     | |  0.5
Necromancy     | |  0.5
Translocations | |  0.5
Transmutations | |  0.5
Fire Magic     | |  0.5
Ice Magic      | |  0.5
Air Magic      | |  0.5
Earth Magic    | |  0.5
Poison Magic   | |  0.5
Evocations     | |  0.8

Action                   || total
-------------------------++-------
Melee: Hand axe          ||    50
       Bite              ||     1
 Fire: Blowgun           ||    19
Throw: Throwing net      ||     1
 Stab: Held in net/web   ||     1
Armor: Ring mail         ||    23
Dodge: Dodged            ||    38
